AoeStats
← Robin

Arena

510177467Analyzed
1v1 RM · 15h ago on Sep 29, 2026· 40m 19s· 2 players
Game mode
Random Map
Map size
Tiny (2 player)
Population
200
Speed
Normal
Resources
Standard
Victory
Conquest
Starting age
Dark Age
Ending age
Imperial Age
RankedLock teamsTeams togetherTeam positionsShared explorationLock speedFull tech treeHidden civsTurbo modeCheats
Victory
Defeat
🇷🇺 Bohemians · Russia
1057
+15
🇬🇧 Celts · United Kingdom
1045
-15
Robin
10:22 Feudal Age
10:32 Loom
11:35 Loom
14:58 Castle Age
12:57 Double-Bit Axe
16:43 Bow Saw
16:52 Horse Collar
20:50 Wheelbarrow
20:28 Fletching
21:58 Bodkin Arrow
23:32 Hand Cart
28:39 Imperial Age
26:07 Gold Mining
27:30 Scale Mail Armor
30:31 Conscription
29:42 Capped Ram
36:57 Ballistics
37:38 Chemistry
37:15 Heavy Scorpion
38:38 Fortified Wall
38:41 Masonry
Wst2
10:21 Feudal Age
9:25 Loom
12:26 Loom
15:25 Castle Age
13:48 Double-Bit Axe
15:13 Horse Collar
17:22 Fervor
18:22 Wheelbarrow
28:30 Imperial Age
26:53 Fletching
27:31 Squires
27:34 Padded Archer Armor
27:37 Crossbowman
28:19 Bodkin Arrow
29:10 Bow Saw
30:40 Chemistry
30:31 Ballistics
30:39 Arbalester
34:24 Fortified Wall
35:37 Siege Engineers
39:10 Heavy Plow
Connection lost

Rejoining the realm…

Still unreachable

The connection could not be restored.

Session expired

The server has moved on; the page needs a fresh start.